[Event "XIX Najdorf Memorial 2019"]
[Site "Warsaw"]
[Date "2019.07.14"]
[Round "9.9"]
[White "Yuffa, Daniil"]
[Black "Krysztofiak, Marcin"]
[Result "1/2-1/2"]
[ECO "E06"]
[WhiteElo "2582"]
[BlackElo "2382"]
[Annotator "ChessBase"]
[PlyCount "104"]
[EventDate "2019.07.06"]
[EventType "swiss"]
[EventCountry "POL"]
[SourceTitle "playchess.com"]
[Source "ChessBase"]
[SourceQuality "1"]
[TimeControl "40/5400+30:1800+30"]

1. d4 Nf6 2. c4 e6 3. g3 d5 4. Bg2 Be7 5. Nf3 O-O 6. O-O c6 7. Qc2 b6 8. b3 Nbd7 9. Bb2 Ba6 10. Nbd2 c5 11. Rac1 Rc8 12. Qb1 dxc4 13. Nxc4 Bb7 14. Rfd1 b5 15. Ne3 Qb6 16. Ne5 Bxg2 17. Nxd7 Nxd7 18. Kxg2 Qb7+ 19. f3 Bg5 20. Kf2 Bxe3+ 21. Kxe3 cxd4+ 22. Rxd4 Rxc1 23. Qxc1 Qb6 24. Kd2 Nf6 25. Qc3 e5 26. Rd3 Re8 27. Qb4 e4 28. Rd6 Qf2 29. f4 e3+ 30. Kd1 Qxh2 31. Qd4 Qxg3 32. Rd8 h5 33. Rxe8+ Nxe8 34. Qxa7 Qxf4 35. Bc3 Nd6 36. Qa8+ Kh7 37. Qf3 Qxf3 38. exf3 h4 39. Be5 Nf5 40. a4 f6 41. Bh2 bxa4 42. bxa4 Nd4 43. a5 e2+ 44. Ke1 Nxf3+ 45. Kxe2 Nd4+ 46. Ke3 Nc6 47. a6 g5 48. Ke4 Kg6 49. Bd6 h3 50. Kf3 Kf5 51. Kg3 Ke4 52. Be7 f5 1/2-1/2

[Event "XIX Najdorf Memorial 2019"]
[Site "Warsaw"]
[Date "2019.07.14"]
[Round "9.9"]
[White "Chomczyk, Marek"]
[Black "Akesson, Ralf"]
[Result "1/2-1/2"]
[ECO "B13"]
[WhiteElo "2270"]
[BlackElo "2365"]
[Annotator "ChessBase"]
[PlyCount "30"]
[EventDate "2019.07.06"]
[EventType "swiss"]
[EventCountry "POL"]
[SourceTitle "playchess.com"]
[Source "ChessBase"]
[SourceQuality "1"]
[TimeControl "40/5400+30:1800+30"]

1. e4 c6 2. d4 d5 3. exd5 cxd5 4. Bd3 Nc6 5. c3 Nf6 6. Bf4 Bg4 7. Qb3 Qc8 8. Nd2 Bh5 9. Ngf3 Bg6 10. Bb5 a6 11. Bxc6+ Qxc6 12. Ne5 Qb5 13. Nxg6 hxg6 14. Qxb5+ axb5 15. Ke2 e6 1/2-1/2

[Event "XIX Najdorf Memorial 2019"]
[Site "Warsaw"]
[Date "2019.07.14"]
[Round "9.10"]
[White "Romanishin, Oleg M"]
[Black "Jakubowski, Krzysztof"]
[Result "1/2-1/2"]
[ECO "A46"]
[WhiteElo "2443"]
[BlackElo "2528"]
[Annotator "ChessBase"]
[PlyCount "37"]
[EventDate "2019.07.06"]
[EventType "swiss"]
[EventCountry "POL"]
[SourceTitle "playchess.com"]
[Source "ChessBase"]
[SourceQuality "1"]
[TimeControl "40/5400+30:1800+30"]

1. d4 Nf6 2. Nf3 e6 3. g3 b5 4. Bg5 c5 5. Bxf6 Qxf6 6. Bg2 Bb7 7. O-O g5 8. e4 g4 9. e5 Qg7 10. Nh4 Bxg2 11. Kxg2 cxd4 12. c3 Qxe5 13. Qxg4 Nc6 14. Nf3 Qd5 15. cxd4 h5 16. Qf4 b4 17. Nbd2 f5 18. Qe3 Rb8 19. Qb3 1/2-1/2

[Event "XIX Najdorf Memorial 2019"]
[Site "Warsaw"]
[Date "2019.07.14"]
[Round "9.10"]
[White "Czopor, Maciej"]
[Black "Paszewski, Mateusz"]
[Result "0-1"]
[ECO "B29"]
[WhiteElo "2250"]
[BlackElo "2324"]
[Annotator "ChessBase"]
[PlyCount "62"]
[EventDate "2019.07.06"]
[EventType "swiss"]
[EventCountry "POL"]
[SourceTitle "playchess.com"]
[Source "ChessBase"]
[SourceQuality "1"]
[TimeControl "40/5400+30:1800+30"]

1. e4 c5 2. Nf3 Nf6 3. e5 Nd5 4. Nc3 Nxc3 5. dxc3 Nc6 6. Bf4 Qb6 7. b3 e6 8. Qd2 Qc7 9. O-O-O h6 10. h4 a6 11. Kb1 b5 12. h5 Bb7 13. Rh4 Ne7 14. Bh2 g5 15. hxg6 Nxg6 16. Rh5 O-O-O 17. Qe3 Kb8 18. Be2 Rg8 19. g4 Ne7 20. Nd2 Nd5 21. Qh3 Qa5 22. Ne4 c4 23. Rd4 cxb3 24. cxb3 Rc8 25. Qd3 Nxc3+ 26. Nxc3 Rxc3 27. Qd1 Ba3 28. Bf4 Rgc8 29. Rxd7 Be4+ 30. Bd3 Bxd3+ 31. Rxd3 Rxd3 0-1

[Event "XIX Najdorf Memorial 2019"]
[Site "Warsaw"]
[Date "2019.07.14"]
[Round "9.11"]
[White "Menezes, Christoph"]
[Black "Janik, Igor"]
[Result "1/2-1/2"]
[ECO "A29"]
[WhiteElo "2413"]
[BlackElo "2495"]
[Annotator "ChessBase"]
[PlyCount "72"]
[EventDate "2019.07.06"]
[EventType "swiss"]
[EventCountry "POL"]
[SourceTitle "playchess.com"]
[Source "ChessBase"]
[SourceQuality "1"]
[TimeControl "40/5400+30:1800+30"]

1. c4 e5 2. Nc3 Nf6 3. Nf3 Nc6 4. g3 Bb4 5. Bg2 O-O 6. O-O Re8 7. d3 Bxc3 8. bxc3 e4 9. Nd4 Ne5 10. Bg5 exd3 11. exd3 d6 12. Rb1 c5 13. Nc2 Rb8 14. Ne3 b6 15. d4 Ng6 16. dxc5 dxc5 17. Qa4 Bb7 18. Bxf6 gxf6 19. Bxb7 Rxb7 20. Rbd1 Qc8 21. Nd5 Kg7 22. Qc2 Qh3 23. f4 h5 24. Rfe1 Rbb8 25. Qg2 Qg4 26. h3 Rxe1+ 27. Rxe1 Qd7 28. g4 hxg4 29. Qxg4 f5 30. Qg5 Re8 31. Rxe8 Qxe8 32. Kf2 Qe4 33. Qf6+ Kf8 34. Qd6+ Kg7 35. Qf6+ Kf8 36. Qd6+ Kg7 1/2-1/2

[Event "XIX Najdorf Memorial 2019"]
[Site "Warsaw"]
[Date "2019.07.14"]
[Round "9.11"]
[White "Zylka, Stanislaw"]
[Black "Sliwicki, Damian"]
[Result "1-0"]
[ECO "B31"]
[WhiteElo "2308"]
[BlackElo "2232"]
[Annotator "ChessBase"]
[PlyCount "127"]
[EventDate "2019.07.06"]
[EventType "swiss"]
[EventCountry "POL"]
[SourceTitle "playchess.com"]
[Source "ChessBase"]
[SourceQuality "1"]
[TimeControl "40/5400+30:1800+30"]

1. e4 c5 2. Nf3 Nc6 3. Bb5 g6 4. Bxc6 dxc6 5. d3 Bg7 6. h3 b6 7. Nc3 Nf6 8. Be3 Nd7 9. Qd2 e5 10. a3 Qe7 11. O-O Nf8 12. b4 cxb4 13. axb4 Bb7 14. Ra4 Nd7 15. b5 O-O 16. Rfa1 cxb5 17. Rxa7 b4 18. Rxa8 Bxa8 19. Na2 f5 20. Qxb4 Qxb4 21. Nxb4 fxe4 22. Ng5 Nc5 23. dxe4 Bb7 24. Ra7 Ra8 25. Rxa8+ Bxa8 26. Bxc5 bxc5 27. Nd5 Bh6 28. Ne6 c4 29. Kf1 Kf7 30. Nec7 Bc6 31. Ke2 Ba4 32. Kd1 Bc6 33. f3 Bg5 34. g3 h5 35. h4 Bh6 36. Nb6 c3 37. Nc4 Kf6 38. Ke2 Bf8 39. Kd3 Bc5 40. Ne3 Bd4 41. Ncd5+ Ke6 42. Nxc3 Bb7 43. Ncd5 Ba6+ 44. Kd2 Kd6 45. c3 Bc5 46. f4 exf4 47. gxf4 Bb7 48. Kd3 Bc8 49. e5+ Ke6 50. Ke4 Bb7 51. c4 Be7 52. f5+ gxf5+ 53. Nxf5 Bd8 54. Nd4+ Kf7 55. e6+ Kg6 56. Nf3 Be7 57. Ke5 Ba3 58. Ke4 Be7 59. Kf4 Bd6+ 60. Ne5+ Kg7 61. Kf5 Bc8 62. Nf6 Kf8 63. Ng6+ Kg7 64. Ne8+ 1-0

[Event "XIX Najdorf Memorial 2019"]
[Site "Warsaw"]
[Date "2019.07.14"]
[Round "9.12"]
[White "Kanarek, Marcel"]
[Black "Krstulovic, Alex"]
[Result "1-0"]
[ECO "B15"]
[WhiteElo "2493"]
[BlackElo "2360"]
[Annotator "ChessBase"]
[PlyCount "39"]
[EventDate "2019.07.06"]
[EventType "swiss"]
[EventCountry "POL"]
[SourceTitle "playchess.com"]
[Source "ChessBase"]
[SourceQuality "1"]
[TimeControl "40/5400+30:1800+30"]

1. e4 c6 2. d4 d5 3. Nc3 dxe4 4. Nxe4 Nf6 5. Nxf6+ exf6 6. c3 Bd6 7. Bd3 O-O 8. Qc2 Re8+ 9. Ne2 h5 10. O-O h4 11. Nf4 Bc7 12. Qd1 Qd6 13. Qh5 g5 14. g3 Kf8 15. Bc4 Be6 16. Bxe6 fxe6 17. Qh7 Re7 18. Ng6+ Ke8 19. Qh8+ Kd7 20. Qxf6 1-0

[Event "XIX Najdorf Memorial 2019"]
[Site "Warsaw"]
[Date "2019.07.14"]
[Round "9.12"]
[White "Goslawski, Michal"]
[Black "Malek, Daniel"]
[Result "0-1"]
[ECO "D02"]
[WhiteElo "2091"]
[BlackElo "2362"]
[Annotator "ChessBase"]
[PlyCount "142"]
[EventDate "2019.07.06"]
[EventType "swiss"]
[EventCountry "POL"]
[SourceTitle "playchess.com"]
[Source "ChessBase"]
[SourceQuality "1"]
[TimeControl "40/5400+30:1800+30"]

1. Nf3 d5 2. d4 Nf6 3. c4 e6 4. g3 Bb4+ 5. Nbd2 dxc4 6. Bg2 b5 7. O-O a5 8. a4 c6 9. Qc2 Bb7 10. b3 cxb3 11. Nxb3 Nbd7 12. Nc5 Nxc5 13. dxc5 Rc8 14. Bb2 h6 15. Be5 O-O 16. Bd6 Nd5 17. Ne5 Bc3 18. Rab1 Bxe5 19. Bxe5 f6 20. Bd6 b4 21. Bxf8 Qxf8 22. Qc4 Qe7 23. Rfc1 f5 24. Rb3 Ra8 25. e4 Ba6 26. Qc2 fxe4 27. Bxe4 Rf8 28. Rf3 Rxf3 29. Bxf3 Nc3 30. Qb3 Qf6 31. Kg2 Nd5 32. Re1 Kf7 33. Bg4 Bc8 34. Qc4 g6 35. Bf3 h5 36. h4 Kg7 37. Rd1 Kf7 38. Be4 Kg7 39. Rd3 Qe5 40. Rf3 Bd7 41. Bc2 Ne7 42. Qd3 Qd5 43. Qe3 Nf5 44. Bxf5 exf5 45. Kh2 Be6 46. Rf4 Kf6 47. Qc1 Qe5 48. Rf3 b3 49. Qg5+ Kf7 50. Re3 Qd4 51. Rxe6 Kxe6 52. Qxg6+ Kd5 53. Qf7+ Kxc5 54. Qxb3 Qxf2+ 55. Kh3 Qf1+ 56. Kh2 Qe2+ 57. Kh3 Qc4 58. Qa3+ Kd5 59. Qf3+ Qe4 60. Qb3+ Kd4 61. Qb2+ Kc4 62. Kh2 Qf3 63. Qb7 Kc3 64. Qb6 Qd5 65. Qb7 Qa2+ 66. Kh3 Qxa4 67. Qc7 Qb5 68. Qg7+ Kb3 69. Qf7+ Qd5 70. Qb7+ Ka2 71. Kh2 a4 0-1

[Event "XIX Najdorf Memorial 2019"]
[Site "Warsaw"]
[Date "2019.07.14"]
[Round "9.13"]
[White "Kowalski, Igor"]
[Black "Popovic, Dusan"]
[Result "1/2-1/2"]
[ECO "E71"]
[WhiteElo "2320"]
[BlackElo "2487"]
[Annotator "ChessBase"]
[PlyCount "34"]
[EventDate "2019.07.06"]
[EventType "swiss"]
[EventCountry "POL"]
[SourceTitle "playchess.com"]
[Source "ChessBase"]
[SourceQuality "1"]
[TimeControl "40/5400+30:1800+30"]

1. d4 Nf6 2. c4 g6 3. Nc3 Bg7 4. e4 d6 5. h3 O-O 6. Be3 Na6 7. g4 c6 8. Bg2 e5 9. d5 cxd5 10. cxd5 b5 11. a3 b4 12. axb4 Nxb4 13. Nge2 a5 14. O-O Ba6 15. Qd2 Nd7 16. Ra3 Nc5 17. Rfa1 Nbd3 1/2-1/2

[Event "XIX Najdorf Memorial 2019"]
[Site "Warsaw"]
[Date "2019.07.14"]
[Round "9.13"]
[White "Zebracki, Tomasz"]
[Black "Jacobsen, Mikkel Manosri"]
[Result "1-0"]
[ECO "D01"]
[WhiteElo "2183"]
[BlackElo "2343"]
[Annotator "ChessBase"]
[PlyCount "61"]
[EventDate "2019.07.06"]
[EventType "swiss"]
[EventCountry "POL"]
[SourceTitle "playchess.com"]
[Source "ChessBase"]
[SourceQuality "1"]
[TimeControl "40/5400+30:1800+30"]

1. d4 Nf6 2. Nc3 d5 3. Bg5 Nbd7 4. Qd3 c6 5. Nf3 g6 6. e4 dxe4 7. Nxe4 Bg7 8. O-O-O h6 9. Nxf6+ Nxf6 10. Bxf6 Bxf6 11. Ne5 Qa5 12. a3 Be6 13. Qe3 g5 14. Be2 h5 15. Nd3 b6 16. Bxh5 O-O-O 17. Qf3 g4 18. Qxc6+ Kb8 19. Bxf7 Bxf7 20. Nb4 Rd6 21. Qxd6+ exd6 22. Nc6+ Kc7 23. Nxa5 bxa5 24. h3 gxh3 25. Rxh3 Rf8 26. f4 Be6 27. Rh7+ Kb6 28. Rh6 Bf5 29. g3 Kb5 30. Rh5 Be7 31. g4 1-0

[Event "XIX Najdorf Memorial 2019"]
[Site "Warsaw"]
[Date "2019.07.14"]
[Round "9.14"]
[White "Jarmula, Lukasz"]
[Black "Mosesov, Danylo"]
[Result "1/2-1/2"]
[ECO "A10"]
[WhiteElo "2480"]
[BlackElo "2353"]
[Annotator "ChessBase"]
[PlyCount "60"]
[EventDate "2019.07.06"]
[EventType "swiss"]
[EventCountry "POL"]
[SourceTitle "playchess.com"]
[Source "ChessBase"]
[SourceQuality "1"]
[TimeControl "40/5400+30:1800+30"]

1. c4 b6 2. Nc3 Bb7 3. d4 Nf6 4. Nf3 e6 5. a3 Ne4 6. Nxe4 Bxe4 7. e3 Be7 8. Bd3 Bxd3 9. Qxd3 d6 10. O-O O-O 11. e4 Nd7 12. b4 Bf6 13. Bb2 g6 14. Bc3 Qe7 15. e5 Bg7 16. Qe4 g5 17. Rfe1 Rfe8 18. a4 f5 19. exf6 Nxf6 20. Qc6 Nh5 21. g3 h6 22. Re2 Qf7 23. Rae1 Rf8 24. Nd2 Rae8 25. a5 Nf6 26. a6 Re7 27. b5 Qh5 28. f3 Qe8 29. Qxe8 Rfxe8 30. Ne4 Kf7 1/2-1/2

[Event "XIX Najdorf Memorial 2019"]
[Site "Warsaw"]
[Date "2019.07.14"]
[Round "9.14"]
[White "Kucza, Karol"]
[Black "Zochowski, Kacper"]
[Result "1/2-1/2"]
[ECO "B07"]
[WhiteElo "2315"]
[BlackElo "2251"]
[Annotator "ChessBase"]
[PlyCount "100"]
[EventDate "2019.07.06"]
[EventType "swiss"]
[EventCountry "POL"]
[SourceTitle "playchess.com"]
[Source "ChessBase"]
[SourceQuality "1"]
[TimeControl "40/5400+30:1800+30"]

1. e4 d6 2. d4 Nf6 3. Nc3 e5 4. dxe5 dxe5 5. Qxd8+ Kxd8 6. Bc4 Be6 7. Bxe6 fxe6 8. f3 Bd6 9. Be3 Nc6 10. O-O-O Ke7 11. Nh3 a6 12. Nf2 Nd7 13. Kb1 h6 14. Ne2 b5 15. Nd3 Na5 16. h4 c5 17. h5 c4 18. Nf2 Rac8 19. Ng4 Nb7 20. Bf2 Rhe8 21. Bh4+ Kf8 22. Rd2 Rc6 23. Rhd1 b4 24. f4 c3 25. Rd3 exf4 26. Nxf4 Kg8 27. Ng6 Ndc5 28. Rd4 cxb2 29. e5 Bf8 30. Rxb4 Rec8 31. Rf1 R6c7 32. Rxf8+ Rxf8 33. Nxf8 Kxf8 34. Rf4+ Ke8 35. Kxb2 Rd7 36. Be1 Rd1 37. Bb4 Na4+ 38. Kb3 Nb6 39. Rf8+ Kd7 40. c3 a5 41. Rf7+ Kc6 42. Bf8 Rd2 43. a4 Rxg2 44. Rxg7 Nd7 45. Nf6 Nbc5+ 46. Ka3 Rc2 47. Bxc5 Nxc5 48. Rg3 Re2 49. Ng4 Re4 50. Nxh6 Kd5 1/2-1/2

[Event "XIX Najdorf Memorial 2019"]
[Site "Warsaw"]
[Date "2019.07.14"]
[Round "9.15"]
[White "Goluch, Piotr"]
[Black "Gagare, Shardul"]
[Result "1/2-1/2"]
[ECO "A05"]
[WhiteElo "2386"]
[BlackElo "2476"]
[Annotator "ChessBase"]
[PlyCount "120"]
[EventDate "2019.07.06"]
[EventType "swiss"]
[EventCountry "POL"]
[SourceTitle "playchess.com"]
[Source "ChessBase"]
[SourceQuality "1"]
[TimeControl "40/5400+30:1800+30"]

1. Nf3 Nf6 2. g3 d6 3. d4 g6 4. Bg2 Bg7 5. O-O O-O 6. c4 Bf5 7. Nc3 Ne4 8. Nd5 c6 9. Ne3 Bd7 10. Qc2 f5 11. b4 a5 12. b5 a4 13. Rb1 c5 14. dxc5 Nxc5 15. Rd1 Be8 16. Nd5 h6 17. Ba3 Nbd7 18. Nd4 Bf7 19. b6 Kh7 20. Nb5 Bxd5 21. Bxd5 Qxb6 22. Nd4 Qc7 23. Ne6 Nxe6 24. Bxe6 Ra6 25. Rb5 b6 26. h4 Nf6 27. h5 Nxh5 28. Bxf5 gxf5 29. Rxf5 Rxf5 30. Qxf5+ Kg8 31. Qxh5 Ra5 32. c5 bxc5 33. Qg6 c4 34. Bc1 Qc5 35. Bxh6 Qe5 36. Rb1 Ra8 37. Bxg7 Qxg7 38. Qe4 Rf8 39. Qxc4+ Qf7 40. Rb4 Qxc4 41. Rxc4 Ra8 42. Rf4 e5 43. Rf6 Rd8 44. g4 Kg7 45. g5 d5 46. Re6 e4 47. Re5 a3 48. Kg2 Kg6 49. Kg3 Rb8 50. f4 exf3 51. exf3 d4 52. Rd5 Rb2 53. Kf4 Rxa2 54. Rxd4 Ra1 55. Rd6+ Kg7 56. Ra6 a2 57. Kf5 Rf1 58. Ra7+ Kg8 59. Rxa2 Rxf3+ 60. Kg6 Rf8 1/2-1/2

[Event "XIX Najdorf Memorial 2019"]
[Site "Warsaw"]
[Date "2019.07.14"]
[Round "9.15"]
[White "Punin, Andrii"]
[Black "Fiedorek, Michal"]
[Result "1-0"]
[ECO "B51"]
[WhiteElo "2305"]
[BlackElo "2241"]
[Annotator "ChessBase"]
[PlyCount "95"]
[EventDate "2019.07.06"]
[EventType "swiss"]
[EventCountry "POL"]
[SourceTitle "playchess.com"]
[Source "ChessBase"]
[SourceQuality "1"]
[TimeControl "40/5400+30:1800+30"]

1. e4 c5 2. Nf3 d6 3. Bb5+ Nd7 4. Ba4 Ngf6 5. O-O a6 6. c4 g6 7. Nc3 Bg7 8. h3 O-O 9. d3 Ne5 10. Nxe5 dxe5 11. Be3 Qd6 12. Rb1 b6 13. a3 Rd8 14. Bc2 Bd7 15. b4 Bc6 16. bxc5 bxc5 17. Nd5 Nxd5 18. cxd5 Bd7 19. Ba4 Rac8 20. Bxd7 Rxd7 21. Qb3 e6 22. dxe6 Qxe6 23. Rfc1 Bf8 24. Qxe6 fxe6 25. Rb3 h5 26. Kf1 Kh7 27. Ke2 Rc6 28. Rc4 Rdc7 29. Bd2 Bh6 30. Ba5 Rd7 31. a4 Bf8 32. Rb6 Rdd6 33. Rb7+ Kg8 34. Bc3 Rb6 35. Rxb6 Rxb6 36. Bxe5 Rb3 37. g4 hxg4 38. hxg4 Ra3 39. d4 Ra2+ 40. Kf3 cxd4 41. Bxd4 Ra3+ 42. Kg2 Rb3 43. Bc3 Rb1 44. Ba5 Ra1 45. Bb6 Rb1 46. a5 Rb4 47. Rc8 Kf7 48. Rxf8+ 1-0

[Event "XIX Najdorf Memorial 2019"]
[Site "Warsaw"]
[Date "2019.07.14"]
[Round "9.16"]
[White "Markiewicz, Jerzy"]
[Black "Deszczynski, Adam"]
[Result "0-1"]
[ECO "B28"]
[WhiteElo "2170"]
[BlackElo "2304"]
[Annotator "ChessBase"]
[PlyCount "74"]
[EventDate "2019.07.06"]
[EventType "swiss"]
[EventCountry "POL"]
[SourceTitle "playchess.com"]
[Source "ChessBase"]
[SourceQuality "1"]
[TimeControl "40/5400+30:1800+30"]

1. e4 c5 2. Nf3 a6 3. c4 e6 4. Nc3 Qc7 5. a3 Nf6 6. d4 cxd4 7. Nxd4 b6 8. Be3 Bb7 9. f3 d6 10. Rc1 Nbd7 11. Be2 Be7 12. O-O O-O 13. Qb3 Rac8 14. Rfd1 Qb8 15. Qa2 Bd8 16. Kh1 Bc7 17. Bg1 Qa8 18. b4 Kh8 19. Qd2 Rg8 20. Be3 h6 21. Bf1 g5 22. Na4 Qb8 23. Bg1 Rg6 24. Qe2 g4 25. c5 dxc5 26. bxc5 gxf3 27. Nxf3 Bf4 28. Rc4 b5 29. Rcd4 Ne5 30. Nb6 Rcg8 31. Nxe5 Qxe5 32. Nd7 Nxd7 33. Rxd7 Qxe4 34. Qxe4 Bxe4 35. Bd4+ e5 36. Rxf7 Rxg2 37. Rxf4 Rg1# 0-1

[Event "XIX Najdorf Memorial 2019"]
[Site "Warsaw"]
[Date "2019.07.14"]
[Round "9.17"]
[White "Marczuk, Dominik"]
[Black "Harazinska, Magdalena"]
[Result "1-0"]
[ECO "A03"]
[WhiteElo "2300"]
[BlackElo "2004"]
[Annotator "ChessBase"]
[PlyCount "95"]
[EventDate "2019.07.06"]
[EventType "swiss"]
[EventCountry "POL"]
[SourceTitle "playchess.com"]
[Source "ChessBase"]
[SourceQuality "1"]
[TimeControl "40/5400+30:1800+30"]

1. f4 d5 2. Nf3 c5 3. g3 Nc6 4. Bg2 g6 5. O-O Bg7 6. d3 e5 7. Nc3 Be6 8. Ng5 Nge7 9. fxe5 O-O 10. Nxe6 fxe6 11. Rxf8+ Qxf8 12. Bh3 Nf5 13. e4 dxe4 14. Nxe4 Bxe5 15. c3 Bg7 16. Qe2 Ne5 17. Bf4 Nf7 18. Rf1 Qe7 19. g4 Nh4 20. Qf2 b6 21. Bg3 g5 22. Qxf7+ Qxf7 23. Rxf7 Kxf7 24. Nxg5+ Kg6 25. Bxh4 Bf6 26. Bg2 Rg8 27. Be4+ Kh6 28. Nf7+ Kg7 29. Bxf6+ Kxf6 30. Nh6 Rg7 31. h4 Ke5 32. Kf2 Kf4 33. Bf3 Rd7 34. Be2 Rg7 35. g5 e5 36. Ng4 c4 37. Nf6 Rf7 38. Nd5+ Kf5 39. dxc4 Ke4+ 40. Nf6+ Kf4 41. Bf3 h6 42. Nd5+ Kf5 43. gxh6 Kg6 44. Ke3 Kxh6 45. b4 Kg6 46. c5 bxc5 47. bxc5 Kf5 48. c6 1-0

[Event "XIX Najdorf Memorial 2019"]
[Site "Warsaw"]
[Date "2019.07.14"]
[Round "9.18"]
[White "Bebel, Arkadiusz"]
[Black "Dzida, Kamil"]
[Result "0-1"]
[ECO "B22"]
[WhiteElo "2290"]
[BlackElo "1987"]
[Annotator "ChessBase"]
[PlyCount "96"]
[EventDate "2019.07.06"]
[EventType "swiss"]
[EventCountry "POL"]
[SourceTitle "playchess.com"]
[Source "ChessBase"]
[SourceQuality "1"]
[TimeControl "40/5400+30:1800+30"]

1. e4 c5 2. c3 Nf6 3. e5 Nd5 4. Nf3 Nc6 5. Bc4 Nb6 6. Bb3 c4 7. Bc2 d5 8. exd6 e5 9. O-O Bxd6 10. d4 Bg4 11. Re1 O-O 12. d5 e4 13. Rxe4 Ne5 14. Rxg4 Nxg4 15. Qd4 Qd7 16. Nbd2 Rae8 17. h3 Ne5 18. Nxe5 Bxe5 19. Qh4 f5 20. Nf3 Bf6 21. Qf4 g6 22. Be3 Qb5 23. Rd1 Nxd5 24. Ba4 Qxa4 25. Rxd5 Rd8 26. Rxd8 Rxd8 27. g4 Qd1+ 28. Kg2 Qd5 29. gxf5 gxf5 30. Bxa7 Qe4 31. Qh6 Bg7 32. Qh5 Rd6 33. Be3 f4 34. Bd4 Bxd4 35. cxd4 Qg6+ 36. Qg4 h5 37. Qxg6+ Rxg6+ 38. Kf1 Rb6 39. b3 cxb3 40. axb3 Rxb3 41. Ke2 Kf7 42. Ne5+ Ke6 43. Nd3 Rxd3 44. Kxd3 Kd5 45. Kc3 h4 46. Kd3 b6 47. Kc3 b5 48. Kd3 b4 0-1

[Event "XIX Najdorf Memorial 2019"]
[Site "Warsaw"]
[Date "2019.07.14"]
[Round "9.19"]
[White "Godzwon, Iwo"]
[Black "Jaskolka, Tomasz"]
[Result "1-0"]
[ECO "C06"]
[WhiteElo "2285"]
[BlackElo "2236"]
[Annotator "ChessBase"]
[PlyCount "171"]
[EventDate "2019.07.06"]
[EventType "swiss"]
[EventCountry "POL"]
[SourceTitle "playchess.com"]
[Source "ChessBase"]
[SourceQuality "1"]
[TimeControl "40/5400+30:1800+30"]

1. e4 e6 2. d4 d5 3. Nd2 Nf6 4. e5 Nfd7 5. Bd3 c5 6. c3 Nc6 7. Ne2 cxd4 8. cxd4 f6 9. exf6 Nxf6 10. O-O Bd6 11. Nf3 Qc7 12. Bg5 O-O 13. Bh4 Nh5 14. Qc2 h6 15. Bh7+ Kh8 16. Bg6 Rxf3 17. Bxh5 Bxh2+ 18. Kh1 Rf5 19. Bg6 Bd6 20. Bxf5 exf5 21. Rae1 Qf7 22. Bg3 Bb4 23. Rd1 Bd7 24. Qd3 Re8 25. Kg1 g5 26. f4 Re4 27. fxg5 hxg5 28. Nc3 Bxc3 29. bxc3 f4 30. Bh2 Qe6 31. Qb1 Re2 32. Rde1 Qe3+ 33. Kh1 f3 34. Rxe2 fxe2 35. Re1 Qf2 36. Rg1 Bf5 37. Qe1 Qxe1 38. Rxe1 Bd3 39. Bc7 Kh7 40. Kg1 Kg6 41. Kf2 Kf5 42. Rh1 Bc4 43. Rh7 Ke4 44. Rh3 g4 45. Re3+ Kf5 46. Re8 b5 47. Bd6 a5 48. Rc8 Ke4 49. Rxc6 Kd3 50. Ke1 Kxc3 51. a3 b4 52. axb4 axb4 53. Bxb4+ Kxb4 54. Kd2 e1=Q+ 55. Kxe1 Kc3 56. Rg6 Kxd4 57. Kd2 Ke5 58. Rxg4 Ba2 59. Ke3 Bb1 60. Rg5+ Ke6 61. Kf4 Be4 62. g3 Kf6 63. Rg8 Kf7 64. Rb8 Bc2 65. Rb6 d4 66. Rd6 d3 67. g4 Ke7 68. Ke5 Kf7 69. Rd7+ Kg6 70. Kf4 Kf6 71. Rd4 Ke6 72. g5 Kf7 73. Kg4 Kg6 74. Rd6+ Kg7 75. Rd7+ Kg6 76. Kf4 Bb1 77. Rd6+ Kf7 78. g6+ Ke7 79. g7 Ba2 80. Rxd3 Kf6 81. Rg3 Bg8 82. Rg5 Kf7 83. Kg4 Bh7 84. Kh5 Kg8 85. Kh6 Bf5 86. Rg2 1-0

[Event "XIX Najdorf Memorial 2019"]
[Site "Warsaw"]
[Date "2019.07.14"]
[Round "9.20"]
[White "Krasiewicz, Robert"]
[Black "Szustakowski, Antoni"]
[Result "0-1"]
[ECO "A46"]
[WhiteElo "2017"]
[BlackElo "2279"]
[Annotator "ChessBase"]
[PlyCount "80"]
[EventDate "2019.07.06"]
[EventType "swiss"]
[EventCountry "POL"]
[SourceTitle "playchess.com"]
[Source "ChessBase"]
[SourceQuality "1"]
[TimeControl "40/5400+30:1800+30"]

1. d4 Nf6 2. Nf3 e6 3. c4 d5 4. e3 a6 5. Nbd2 Nbd7 6. b3 Be7 7. Bd3 O-O 8. O-O dxc4 9. bxc4 c5 10. Qe2 cxd4 11. exd4 b6 12. Re1 Re8 13. Bb2 Bb7 14. Ng5 Nf8 15. h4 Qc7 16. g3 Rad8 17. Rac1 h6 18. Nge4 Nxe4 19. Bxe4 Bf6 20. Qe3 Bc8 21. Nf3 Nd7 22. g4 Be7 23. g5 hxg5 24. hxg5 Bd6 25. g6 f5 26. Ng5 Nf8 27. Qh3 Qe7 28. Nf7 Nxg6 29. Nxd8 Nf4 30. Qh1 fxe4 31. Rxe4 Qxd8 32. c5 Qg5+ 33. Kf1 Bd7 34. Re3 Bb5+ 35. Ke1 Ng2+ 36. Kd2 Bf4 37. Rcc3 bxc5 38. Rxc5 Bxe3+ 39. fxe3 Qxe3+ 40. Kc2 Ne1+ 0-1

[Event "XIX Najdorf Memorial 2019"]
[Site "Warsaw"]
[Date "2019.07.14"]
[Round "9.21"]
[White "Rakshitta Ravi"]
[Black "Siekanski, Janusz"]
[Result "0-1"]
[ECO "B80"]
[WhiteElo "2112"]
[BlackElo "2270"]
[Annotator "NA"]
[PlyCount "159"]
[EventDate "2019.07.06"]
[EventType "swiss"]
[EventCountry "POL"]
[SourceTitle "playchess.com"]
[Source "ChessBase"]
[SourceQuality "1"]
[TimeControl "40/5400+30:1800+30"]

1. e4 c5 2. Nc3 e6 3. Nge2 d6 4. d4 cxd4 5. Nxd4 Nf6 6. g3 Be7 7. Bg2 O-O 8. O-O Nc6 9. Re1 Bd7 10. Nxc6 Bxc6 11. a4 a6 12. a5 Qc7 13. Be3 Nd7 {[#]} 14. Ne2 $146 {B80: Sicilian Scheveningen: 6 g3 and 6 Be3, including English Attack} ({Predecessor:} 14. Qd2 Rae8 15. Ne2 Nc5 16. Nc3 Nd7 17. Bd4 h6 18. Na2 Bg5 19. Be3 Bf6 20. Rab1 Nc5 21. f3 Rc8 {½-½ (115) Robson,R (2667)-Movsesian,S (2629) chess.com INT 2019}) 14... Nc5 15. Nf4 b5 16. Bd4 e5 17. Bxc5 dxc5 18. Nd5 Bxd5 19. exd5 Bd6 20. c4 b4 21. Qa4 f5 22. Rad1 Qe7 23. Qc2 Rae8 24. Re2 g6 25. Rde1 Qd7 26. Kh1 Kg7 27. Ra1 Qe7 28. Rae1 Qd7 29. Ra1 Qf7 30. Rae1 Re7 31. Qa4 Rc8 32. Kg1 Qf6 33. Qc2 h5 34. f3 Rh8 35. Bh3 Rhe8 36. Bg2 Qg5 37. Qd2 Qf6 38. Qc2 Rb8 39. b3 Rbe8 40. Qb2 Kf7 41. Qc2 h4 42. g4 h3 43. Bxh3 Rh8 44. Bf1 e4 45. fxe4 Qd4+ 46. Kh1 Rxe4 47. Rxe4 $17 fxe4 48. Rxe4 Qf6 49. Kg1 Rxh2 50. Bg2 Qa1+ 51. Kf2 Qh1 52. Kf3 Rh3+ 53. Kf2 Bg3+ 54. Ke3 Qg1+ 55. Kf3 Bh4+ 56. Bxh3 Qg3+ 57. Ke2 Qxh3 58. Rf4+ Kg7 59. Qe4 Qh2+ 60. Kd3 Qb2 61. Rf1 Qxb3+ 62. Ke2 Qb2+ 63. Kf3 b3 64. d6 Qc3+ 65. Qe3 Qxc4 66. Rd1 b2 67. d7 Qc2 68. Qe5+ Kh7 69. d8=Q Qf2+ 70. Ke4 Qe2+ 71. Kf4 Qf2+ 72. Ke4 Qe2+ 73. Kf4 Qxe5+ 74. Kxe5 Bxd8 75. Kd5 Bxa5 76. Kxc5 Bd2 77. Rh1+ Kg7 78. Rb1 Bc1 79. g5 Kf7 80. Kd4 0-1